cohdb
Replays
Latest Replays
All Replays
Popular Replays
Top Player Replays
Match Explorer
How It Works
Community
CoH3 Stats
Reddit
Sign in to upload your games and track your stats! →
Sign in with Steam
Match 24711492
Unlisted
Match 24711492
Overview
Messages
Build Orders
End
Construct Section Command Post
Infantry Section
Royal Engineer Section
Dingo Light Scout Car
Infantry Section
Construct Platoon Command Post
Vickers Machine Gun Team
Selects Air and Sea Battlegroup
Selects Commando Section Paradrop
Commando Section Paradrop
Selects M1 Pack Howitzer Paradrop
Construct Company Command Post
Crusader II Medium Tank
M1 Pack Howitzer Paradrop
Grenade Package
Matilda II Heavy Tank
Foot Guards Section
Matilda II Heavy Tank
Selects Supply Surplus
SneaKerz
gb_gbg
Kabacanaba
merz-sven
0
0
Comments
sign in to comment!
No comments posted yet!